 Dungeon Crawl Stone Soup version 0.21-a0-513-gdcb3f5e (webtiles) character file.

189 Zeege the Poker (level 5, -3/39 HPs)
             Began as a Merfolk Skald on Dec 1, 2017.
             Slain by a gnoll
             ... wielding a +0 spear
              (6 damage)
             ... on level 4 of the Dungeon.
             The game lasted 00:16:02 (4407 turns).

Zeege the Poker (Merfolk Skald)                     Turns: 4407, Time: 00:16:02

Health: -3/39      AC:  5    Str: 11    XL:     5   Next: 68%
Magic:  3/8        EV: 13    Int: 17    God:
Gold:   189        SH:  0    Dex: 13    Spells: 0/8 levels left

rFire    . . .     SeeInvis .   u - +0 trident
rCold    + . .     Gourm    .   (no shield)
rNeg     . . .     Faith    .   v - +2 robe of Nofokekisa {rC+ MR+ Int+3}
rPois    .         Spirit   .   (no helmet)
rElec    .         Reflect  .   k - +0 cloak
rCorr    +         Harm     .   (no gloves)
MR       +....                  (no boots)
Stlth    +.........             (no amulet)
HPRegen  0.13/turn              j - ring of resist corrosion
MPRegen  0.11/turn              (no ring)

@: singing
A: change form in water, swift swim, stealthy swim
a: no special abilities


You were on level 4 of the Dungeon.
You were not hungry.

You visited 1 branch of the dungeon, and saw 4 of its levels.

You collected 189 gold pieces.

Inventory:

Hand Weapons
 n - a +1 hand axe of venom
 u - a +0 trident (weapon)
Armour
 b - a +0 leather armour
 k - a +0 cloak (worn)
 v - the +2 robe of Nofokekisa (worn) {rC+ MR+ Int+3}
   (You found it on level 4 of the Dungeon)

   It affects your intelligence (+3).
   It protects you from cold.
   It affects your resistance to hostile enchantments.
Jewellery
 j - a ring of resist corrosion (left hand)
Scrolls
 o - 2 scrolls of identify
 p - a scroll of enchant weapon
 q - a scroll of remove curse
 r - 2 scrolls of magic mapping
Potions
 e - a potion of agility
 h - a potion of mutation {unknown}
 i - a potion of haste {unknown}
 s - a potion of might {unknown}
Books
 c - a book of Battle

   Spells                             Type                      Level
   a - Infusion                       Charms                       1
   b - Shroud of Golubria             Charms/Translocation         2
   c - Song of Slaying                Charms                       2
   d - Spectral Weapon                Hexes/Charms                 3
   e - Regeneration                   Charms/Necromancy            3
 f - a book of Misfortune

   Spells                             Type                      Level
   a - Confusing Touch                Hexes                        1
   b - Confuse                        Hexes                        3
   c - Gell's Gravitas                Translocation                3
   d - Petrify                        Transmutation/Earth          4
   e - Metabolic Englaciation         Hexes/Ice                    5
   f - Yara's Violent Unravelling     Hexes/Transmutation          5
Comestibles
 a - 3 chunks of flesh
 d - 3 bread rations
 g - 3 fruits
 l - 2 meat rations
 m - a royal jelly


   Skills:
 + Level 2.5 Fighting
 * Level 5.5 Polearms
 - Level 0.6 Armour
 + Level 3.2 Dodging
 + Level 2.2 Spellcasting
 * Level 5.2 Charms


You couldn't memorise any spells.
You knew the following spells:

 Your Spells              Type           Power        Failure   Level  Hunger
a - Infusion              Chrm           ###.         2%          1    #......
b - Song of Slaying       Chrm           ###.....     3%          2    ###....
c - Spectral Weapon       Hex/Chrm       ##......     19%         3    ###....
d - Shroud of Golubria    Chrm/Tloc      ##........   10%         2    ###....


Dungeon Overview and Level Annotations

Branches:
Dungeon (4/15)
 Temple: D:4-7

Altars:

Shops:
D:4 :


Message History

The gnoll shouts! x4
Casting: Shroud of Golubria
Confirm with . or Enter, or press ? or * to list all spells.
You start singing a song of slaying.
The gnoll hits you with a whip.
You are too injured to fight recklessly!
You are too injured to fight recklessly!
You are too injured to fight recklessly!
You puncture the gnoll!
The gnoll is heavily wounded.
The gnoll hits you with a whip!
* * * LOW HITPOINT WARNING * * *
The gnoll hits you from afar with a spear.
* * * LOW HITPOINT WARNING * * *
You closely miss the gnoll.
The gnoll is heavily wounded.
The gnoll closely misses you. x2
You hit the gnoll.
You kill the gnoll!
The gnoll hits you from afar with a spear.
You die...

#.# #.#
#.# #.#
#.# #.#
#.# #@#
########)#
.......gg#
####.g.##
#...# ..##
#...# #...
######...#
#..#
#........#
###..#
#........#
#....#


You could see 3 gnolls.

Vanquished Creatures
  A gnoll (D:4)
  8 adders
  An ooze (D:2)
  2 worms (D:2)
  4 dart slugs
  2 leopard geckos (D:1)
  5 orcs
  7 bats
  6 giant cockroaches
  7 goblins
  8 hobgoblins
  6 jackals
  4 kobolds
  3 quokkas
  6 ball pythons
  4 frilled lizards
  A quokka skeleton (D:3)
  6 rats
81 creatures vanquished.

Notes
Turn   | Place    | Note
-------+----------+-------------------------------------------
     0 | D:1      | Zeege the Merfolk Skald began the quest for the Orb.
     0 | D:1      | Reached XP level 1. HP: 16/16 MP: 3/3
    80 | D:1      | Reached XP level 2. HP: 22/22 MP: 0/5
   333 | D:1      | Reached XP level 3. HP: 27/27 MP: 1/6
   515 | D:1      | Learned a level 2 spell: Song of Slaying
   519 | D:1      | Learned a level 3 spell: Spectral Weapon
  1067 | D:2      | HP: 1/27 [leopard gecko (2)]
  1376 | D:2      | Reached XP level 4. HP: 33/33 MP: 4/7
  2788 | D:3      | Reached skill level 5 in Polearms
  2788 | D:3      | Reached skill level 5 in Charms
  2788 | D:3      | Reached XP level 5. HP: 28/39 MP: 8/8
  3573 | D:3      | Learned a level 2 spell: Shroud of Golubria
  3894 | D:4      | Got a crude robe
  3908 | D:4      | Identified the +2 robe of Nofokekisa {rC+ MR+ Int+3} (You found it on level 4 of the Dungeon)
  3917 | D:4      | Found Tant's Book Shoppe.
  4358 | D:4      | Noticed an ogre
  4407 | D:4      | Slain by a gnoll

Vault maps used:
D:1:      zelgadis_glass_arrival_small, minivault_11, minmay_misc_feat_pillars,
          minivault_24, corexii_corridor_pit, minmay_misc_feat_ornament
D:2:      first_bread, minmay_misc_feat_room, hangedman_decor_points
D:3:      kennysheep_six_static_rooms, minmay_snake_closets
D:4:      nicolae_overflow_hidden_temple, serial_shops,
          nicolae_shop_statue_plus, uniq_crazy_yiuf_cottage

Skill      XL: |  1  2  3  4  5 |
---------------+----------------+-----
Charms         | 4 5 |  5.2
Polearms       | 4 5 |  5.5
Dodging        | 3 |  3.2
Fighting       | |  2.5
Armour         | |  0.6
Spellcasting   | |  2.2

Action                   |  1- 3 |  4- 6 || total
-------------------------+-------+-------++-------
Melee: Spear             |   111 |   150 ||   261
       Trident           |       |    30 ||    30
       Hand axe          |       |    10 ||    10
 Cast: Infusion          |    18 |    16 ||    34
       Song of Slaying   |     2 |     5 ||     7
       Shroud of Golubri |       |     4 ||     4
  Use: Scroll            |     3 |     3 ||     6
       Potion            |     1 |       ||     1
 Stab: Sleeping          |     1 |     2 ||     3
  Eat: Chunk             |     2 |    11 ||    13
Armor: Leather armour    |    20 |    32 ||    52
       Robe              |       |     9 ||     9
Dodge: Dodged            |    75 |    80 ||   155

Table legend:
 A = Spawn XP
 B = Non-spawn XP
 C = Spawn XP percentage of total XP
 D = Spawn monster count
 E = Non-spawn monster count
 F = Spawn count percentage of total count
 G = Total turns spent on level
                    A         B        C        D         E        F      G
               +---------+---------+-------+---------+---------+-------+---------
         Total |       0 |     270 |   0.0 |       0 |      81 |   0.0 |  4407
               +---------+---------+-------+---------+---------+-------+---------
           D:1 |       0 |      49 |   0.0 |       0 |      24 |   0.0 |  1113
           D:2 |       0 |      73 |   0.0 |       0 |      22 |   0.0 |   848
           D:3 |       0 |     104 |   0.0 |       0 |      27 |   0.0 |  1893
           D:4 |       0 |      44 |   0.0 |       0 |       8 |   0.0 |   553
               +---------+---------+-------+---------+---------+-------+---------
